MLB
MILWAUKEE BREWERS @ ST. LOUIS CARDINALS
04/10/2018
 
TOP OF THE 1ST
Milwaukee Brewers batting - Pitching for St. Louis Cardinals : RHP Lucas Giolito
Pitching: RHP Lucas Giolito
Batting: RHB Eugenio Suarez 0-0: Ball
1-0: Ball
2-0: Called Strike
2-1: Fly out, F8 (Flyball, 8LD)
Batting: RHB Aaron Judge 0-0: Ball
1-0: Called Strike
1-1: Called Strike
1-2: Strikes out swinging
Batting: RHB Miguel Cabrera 0-0: Swinging Strike
0-1: Ball
1-1: Fly out, F8 (Flyball, 8RXD)
Top of the 1st over - 0 runs, 0 hits, 0 errors, 0 left on base; Milwaukee 0 - St. Louis 0
BOTTOM OF THE 1ST
St. Louis Cardinals batting - Pitching for Milwaukee Brewers : RHP Collin McHugh
Pitching: RHP Collin McHugh
Batting: SHB Ozzie Albies 0-0: Ball
1-0: Foul Ball, location: 2F
1-1: Bunt for hit - play at first, batter OUT! 3-4
Batting: RHB Alex Bregman 0-0: Called Strike
0-1: Swinging Strike
0-2: Ball
1-2: Foul Ball, location: 2F
1-2: Ball
2-2: Fly out, F6 (Line Drive, 6)
Batting: RHB Jose Alberto Martinez 0-0: Called Strike
0-1: Called Strike
0-2: Ball
1-2: Foul Ball, location: 2F
1-2: Ball
2-2: Ball
3-2: Fly out, F7 (Flyball, 7)
Bottom of the 1st over - 0 runs, 0 hits, 0 errors, 0 left on base; Milwaukee 0 - St. Louis 0
TOP OF THE 2ND
Milwaukee Brewers batting - Pitching for St. Louis Cardinals : RHP Lucas Giolito
Batting: RHB Logan Forsythe 0-0: Ball
1-0: Ball
2-0: Ball
3-0: Base on Balls
Batting: LHB Seth Smith 0-0: Called Strike
0-1: Foul Ball, location: 2F
0-2: Foul Ball, location: 2F
0-2: Strikes out swinging
Batting: RHB Addison Russell 0-0: Called Strike
0-1: Fielders Choice at 2nd, 3-6 (Groundball, 3S)
Batting: SHB Tucker Barnhart 0-0: Called Strike
Addison Russell steals 2nd base
0-1: SINGLE (Line Drive, 56D)
Addison Russell to third
Batting: RHB Collin McHugh 0-0: Foul Ball, location: 2F
0-1: Called Strike
0-2: Ball
1-2: Ball
2-2: Fielders Choice at 2nd, 5-4 (Groundball, 56)
Top of the 2nd over - 0 runs, 1 hit, 0 errors, 2 left on base; Milwaukee 0 - St. Louis 0
BOTTOM OF THE 2ND
St. Louis Cardinals batting - Pitching for Milwaukee Brewers : RHP Collin McHugh
Batting: LHB Matt Olson 0-0: SOLO HOME RUN (Flyball, 9D), Distance : 368 ft
Batting: LHB Alex Avila 0-0: Ball
1-0: Called Strike
1-1: Swinging Strike
1-2: Ball
2-2: Foul Ball, location: 2F
2-2: Strikes out swinging
Batting: LHB Brett Phillips 0-0: Bunt for hit - play at first, batter OUT! 3-4
Batting: RHB Harrison Bader 0-0: Fly out, F4 (Popup, 4M)
Bottom of the 2nd over - 1 run, 1 hit, 0 errors, 0 left on base; Milwaukee 0 - St. Louis 1
TOP OF THE 3RD
Milwaukee Brewers batting - Pitching for St. Louis Cardinals : RHP Lucas Giolito
Batting: RHB Taylor Motter 0-0: Ball
1-0: Called Strike
1-1: Called Strike
1-2: Ball
2-2: Strikes out swinging
Batting: RHB Eugenio Suarez 0-0: Foul Ball, location: 2F
0-1: Foul Ball, location: 2F
0-2: Fly out, F8 (Flyball, 8LS)
Batting: RHB Aaron Judge 0-0: Ball
1-0: Foul Ball, location: 2F
1-1: Fly out, F8 (Line Drive, 8LM)
Top of the 3rd over - 0 runs, 0 hits, 0 errors, 0 left on base; Milwaukee 0 - St. Louis 1
BOTTOM OF THE 3RD
St. Louis Cardinals batting - Pitching for Milwaukee Brewers : RHP Collin McHugh
Batting: RHB Adeiny Hechavarria 0-0: Fly out, F6 (Popup, 4MS)
Batting: RHB Lucas Giolito 0-0: Ball
1-0: Fly out, F9 (Flyball, 9S)
Batting: SHB Ozzie Albies 0-0: Called Strike
0-1: Foul Ball, location: 2F
0-2: SINGLE (Line Drive, 56)
Batting: RHB Alex Bregman 0-0: SINGLE (Line Drive, 34D)
Ozzie Albies to second
Runner from 2nd tries for 3rd, SAFE, throw made to third
Batting: RHB Jose Alberto Martinez 0-0: Ground out 1-3 (Groundball, P)
Bottom of the 3rd over - 0 runs, 2 hits, 0 errors, 2 left on base; Milwaukee 0 - St. Louis 1
TOP OF THE 4TH
Milwaukee Brewers batting - Pitching for St. Louis Cardinals : RHP Lucas Giolito
Batting: RHB Miguel Cabrera 0-0: Called Strike
0-1: Foul Ball, location: 2F
0-2: Fly out, F9 (Line Drive, 9D)
Batting: RHB Logan Forsythe 0-0: Ground out 6-3 (Groundball, 6)
Batting: LHB Seth Smith 0-0: Called Strike
0-1: Foul Ball, location: 2F
0-2: Ball
1-2: DOUBLE (Line Drive, 8LXD)
Batting: RHB Addison Russell 0-0: Called Strike
0-1: Ball
1-1: Called Strike
1-2: Ground out 1-3 (Groundball, 15)
Top of the 4th over - 0 runs, 1 hit, 0 errors, 1 left on base; Milwaukee 0 - St. Louis 1
BOTTOM OF THE 4TH
St. Louis Cardinals batting - Pitching for Milwaukee Brewers : RHP Collin McHugh
Batting: LHB Matt Olson 0-0: Foul Ball, location: 2F
0-1: Foul Ball, location: 2F
0-2: Ball
1-2: Foul Ball, location: 2F
1-2: Ball
2-2: Foul Ball, location: 2F
2-2: Ball
3-2: Strikes out swinging
Batting: LHB Alex Avila 0-0: SOLO HOME RUN (Flyball, 9D), Distance : 369 ft
Batting: LHB Brett Phillips 0-0: Ball
1-0: Swinging Strike
1-1: Foul Ball, location: 2F
1-2: Ball
2-2: Ball
3-2: Foul Ball, location: 2F
3-2: Foul Ball, location: 2F
3-2: Base on Balls
Batting: RHB Harrison Bader 0-0: Ball
1-0: Foul Ball, location: 2F
1-1: Foul Ball, location: 2F
1-2: Ball
2-2: Foul Ball, location: 2F
2-2: Ball
3-2: Strikes out swinging
Batting: RHB Adeiny Hechavarria 0-0: Called Strike
0-1: Foul Ball, location: 2F
0-2: Fielders Choice at 2nd, 6-4 (Groundball, 6)
Bottom of the 4th over - 1 run, 1 hit, 0 errors, 1 left on base; Milwaukee 0 - St. Louis 2
TOP OF THE 5TH
Milwaukee Brewers batting - Pitching for St. Louis Cardinals : RHP Lucas Giolito
Batting: SHB Tucker Barnhart 0-0: Ball
1-0: Foul Ball, location: 2F
1-1: Ball
2-1: Ball
3-1: Base on Balls
Batting: RHB Collin McHugh 0-0: SINGLE (Groundball, 6MD)
Tucker Barnhart to second
Runner from 2nd tries for 3rd, SAFE, throw made to third
Batting: RHB Taylor Motter 0-0: Grounds into double play, 6-4-3 (Groundball, 6M)
Tucker Barnhart scores
Batting: RHB Eugenio Suarez 0-0: Called Strike
0-1: Ball
1-1: Foul Ball, location: 2F
1-2: Ball
2-2: Strikes out swinging
Top of the 5th over - 1 run, 1 hit, 0 errors, 0 left on base; Milwaukee 1 - St. Louis 2
BOTTOM OF THE 5TH
St. Louis Cardinals batting - Pitching for Milwaukee Brewers : RHP Collin McHugh
Batting: RHB Lucas Giolito 0-0: Fly out, F7 (Flyball, 7)
Batting: SHB Ozzie Albies 0-0: Called Strike
0-1: SINGLE (Line Drive, 56D)
Batting: RHB Alex Bregman 0-0: Foul Ball, location: 2F
0-1: Foul Ball, location: 2F
0-2: Ground out 5-3 (Groundball, 56S)
Ozzie Albies to second
Batting: RHB Jose Alberto Martinez 0-0: Ball
1-0: SINGLE (Popup, 6MD)
Ozzie Albies to third
Runner from 3rd tries for Home, SAFE, throw made home
Jose Alberto Martinez to second
Batting: LHB Matt Olson 0-0: Called Strike
0-1: Ball
1-1: Fly out, F7 (Flyball, 78D)
Bottom of the 5th over - 1 run, 2 hits, 0 errors, 1 left on base; Milwaukee 1 - St. Louis 3
TOP OF THE 6TH
Milwaukee Brewers batting - Pitching for St. Louis Cardinals : RHP Lucas Giolito
Batting: RHB Aaron Judge 0-0: Ball
1-0: Ball
2-0: Called Strike
2-1: Called Strike
2-2: Strikes out swinging
Batting: RHB Miguel Cabrera 0-0: Ball
1-0: Ball
2-0: Ball
3-0: Called Strike
3-1: Fly out, F4 (Popup, 4S)
Batting: RHB Logan Forsythe 0-0: Ball
1-0: Ball
2-0: Called Strike
2-1: Fly out, F4 (Popup, 4)
Top of the 6th over - 0 runs, 0 hits, 0 errors, 0 left on base; Milwaukee 1 - St. Louis 3
BOTTOM OF THE 6TH
St. Louis Cardinals batting - Pitching for Milwaukee Brewers : RHP Collin McHugh
Batting: LHB Alex Avila 0-0: Ball
1-0: Called Strike
1-1: Ball
2-1: Called Strike
2-2: Ball
3-2: DOUBLE (Line Drive, 3D)
Batting: LHB Brett Phillips 0-0: Ball
1-0: Swinging Strike
1-1: Called Strike
1-2: Ball
2-2: Strikes out looking
Batting: RHB Harrison Bader 0-0: Called Strike
0-1: Called Strike
0-2: Fly out, F6 (Popup, 6)
Batting: RHB Adeiny Hechavarria 0-0: Intentional Walk
Batting: RHB Lucas Giolito 0-0: Called Strike
0-1: Swinging Strike
0-2: Ball
1-2: Foul Ball, location: 2F
1-2: Strikes out swinging
Bottom of the 6th over - 0 runs, 1 hit, 0 errors, 2 left on base; Milwaukee 1 - St. Louis 3
TOP OF THE 7TH
Milwaukee Brewers batting - Pitching for St. Louis Cardinals : RHP Lucas Giolito
Batting: LHB Seth Smith 0-0: Ground out 4-3 (Groundball, 4S)
Batting: RHB Addison Russell 0-0: Ball
1-0: Ground out 3-1 (Groundball, 34)
Batting: SHB Tucker Barnhart 0-0: Ball
1-0: Ground out 4-3 (Groundball, 4D)
Top of the 7th over - 0 runs, 0 hits, 0 errors, 0 left on base; Milwaukee 1 - St. Louis 3
BOTTOM OF THE 7TH
St. Louis Cardinals batting - Pitching for Milwaukee Brewers : RHP Collin McHugh
Pitching: LHP Grant Dayton
Batting: SHB Ozzie Albies 0-0: Ball
1-0: Foul Ball, location: 2F
1-1: Ball
2-1: Fly out, F9 (Flyball, 9)
Batting: RHB Alex Bregman 0-0: Ball
1-0: Called Strike
1-1: Ball
2-1: Foul Ball, location: 2F
2-2: Strikes out swinging
Batting: RHB Jose Alberto Martinez 0-0: Ball
1-0: Foul Ball, location: 2F
1-1: Foul Ball, location: 2F
1-2: SOLO HOME RUN (Flyball, 7D), Distance : 373 ft
Batting: LHB Matt Olson 0-0: Called Strike
0-1: Ball
1-1: Called Strike
1-2: Strikes out looking
Bottom of the 7th over - 1 run, 1 hit, 0 errors, 0 left on base; Milwaukee 1 - St. Louis 4
TOP OF THE 8TH
Milwaukee Brewers batting - Pitching for St. Louis Cardinals : RHP Lucas Giolito
Pinch Hitting: LHB Lucas Duda 0-0: Ball
1-0: Called Strike
1-1: Foul Ball, location: 2F
1-2: Ball
2-2: Ball
3-2: Foul Ball, location: 2F
3-2: Base on Balls
Batting: RHB Taylor Motter 0-0: Called Strike
0-1: Fly out, F7 (Line Drive, 7)
Batting: RHB Eugenio Suarez 0-0: Ball
1-0: Ball
2-0: Ball
3-0: Called Strike
3-1: Foul Ball, location: 2F
3-2: Foul Ball, location: 2F
3-2: Foul Ball, location: 2F
3-2: Grounds into double play, 6-4-3 (Groundball, 6)
Top of the 8th over - 0 runs, 0 hits, 0 errors, 0 left on base; Milwaukee 1 - St. Louis 4
BOTTOM OF THE 8TH
St. Louis Cardinals batting - Pitching for Milwaukee Brewers : LHP Grant Dayton
Pitching: RHP Nick Rumbelow
Batting: LHB Alex Avila 0-0: Called Strike
0-1: Ball
1-1: Swinging Strike
1-2: Strikes out looking
Batting: LHB Brett Phillips 0-0: Ball
1-0: Called Strike
1-1: Ball
2-1: Foul Ball, location: 2F
2-2: Strikes out swinging
Batting: RHB Harrison Bader 0-0: Ground out 1-3 (Groundball, 34S)
Bottom of the 8th over - 0 runs, 0 hits, 0 errors, 0 left on base; Milwaukee 1 - St. Louis 4
TOP OF THE 9TH
Milwaukee Brewers batting - Pitching for St. Louis Cardinals : RHP Lucas Giolito
Now at C: Yan Gomes
Batting: RHB Aaron Judge 0-0: Ground out 5-3 (Groundball, 56S)
Batting: RHB Miguel Cabrera 0-0: Ball
1-0: Ball
2-0: Foul Ball, location: 2F
2-1: Ball
3-1: Foul Ball, location: 2F
3-2: SOLO HOME RUN (Flyball, 89XD), Distance : 381 ft
Pitching: RHP Brad Ziegler
Batting: RHB Logan Forsythe 0-0: Called Strike
0-1: Fly out, F7 (Flyball, 7LSF)
Batting: LHB Seth Smith 0-0: Hit by Pitch
Batting: RHB Addison Russell 0-0: Ball
1-0: Foul Ball, location: 2F
1-1: Called Strike
1-2: Fly out, F9 (Flyball, 9)
Top of the 9th over - 1 run, 1 hit, 0 errors, 1 left on base; Milwaukee 2 - St. Louis 4
Thursday, May 31st, 2018 - OOTP Baseball 19.6 Build 53